 Dungeon Crawl Stone Soup version 0.23.0 (webtiles) character file.

Game seed: 4785083688236408308

480952 LostNumber the Bringer of Light (level 24, -7/169 HPs)
             Began as a Gargoyle Fighter on Feb 16, 2019.
             Was the Champion of the Shining One.
             Killed from afar by a Brimstone Fiend (34 damage)
             ... with damnation
             ... summoned by a lich
             ... on level 1 of Tartarus on Feb 17, 2019.
             The game lasted 01:39:03 (45044 turns).

LostNumber the Bringer of Light (Gargoyle Fighter) Turns: 45044, Time: 01:39:04

Health: -7/169     AC: 61    Str: 28    XL:     24   Next: 86%
Magic:  34/38      EV: 17    Int: 11    God:    the Shining One [******]
Gold:   2591       SH: 33    Dex:  9    Spells: 23/23 levels left

rFire    + . .     SeeInvis .   r - +9 sacred scourge (holy)
rCold    + . .     Gourm    .   j - +3 shield {AC+3}
rNeg     + + +     Faith    .   O - +9 gold dragon scales
rPois    ∞         Spirit   .   W - +0 helmet
rElec    +         Reflect  .   M - +2 cloak {MR+}
rCorr    .         Harm     .   s - +0 pair of gloves
MR       +++..                  S - +0 pair of boots
Stlth    ..........             g - amulet of regeneration
HPRegen  0.78/turn              Q - +6 ring of evasion
MPRegen  0.26/turn              l - ring of protection from magic

@: divine shield, flying, very slightly contaminated, glowing
A: big wings, claws 1, clumsy 1, negative energy resistance 1, electricity
resistance, unbreathing, petrification resistance, rot immunity, AC +18
}: 2/15 runes: serpentine, barnacled
a: Stop Flying, Divine Shield, Cleansing Flame, Summon Divine Warrior, Renounce
Religion


You were on level 1 of Tartarus.
You worshipped the Shining One.
The Shining One was exalted by your worship.
You were not hungry.

You visited 9 branches of the dungeon, and saw 41 of its levels.
You visited the Abyss 1 time.
You also visited: Sewer, Ossuary, Gauntlet and Ice Cave.

You collected 5259 gold pieces.
You spent 2668 gold pieces at shops.

Inventory:

Hand Weapons
 a - a +8 eveningstar of protection
   (You acquired it on level 12 of the Dungeon)
 r - a +9 sacred scourge of holy wrath (weapon) (the Shining One gifted it to you on level 3 of the Depths)
Missiles
 y - 6 throwing nets (quivered) {!f}
Armour
 j - a +3 shield of protection (worn)
   (You bought it in a shop on level 1 of the Depths)
 s - a +0 pair of gloves (worn)
   (You found it on level 2 of the Dungeon)
 B - a scarf of resistance
   (You found it on level 12 of the Dungeon)
 M - a +2 cloak of magic resistance (worn)
   (You took it off Maurice on level 8 of the Dungeon)
 O - +9 gold dragon scales (worn)
   (You found it on level 4 of the Depths)
 P - a +0 buckler of cold resistance
   (You took it off a tengu warrior on level 5 of the Depths)
 S - a +0 pair of boots (worn)
   (You found it on level 1 of the Dungeon)
 W - a +0 helmet (worn)
   (You found it on level 1 of the Lair of Beasts)
Jewellery
 g - an amulet of regeneration (around neck)
   (You found it on level 2 of the Dungeon)
 i - an uncursed ring of protection from fire
   (You found it on level 2 of the Snake Pit)
 l - a ring of protection from magic (right hand)
   (You found it on level 5 of the Dungeon)
 F - the ring "Pitewuot" {Wiz rC+ Int+7}
   (You found it on level 3 of the Shoals)

   [ring of wizardry]

   It improves your spell success rate.
   It affects your intelligence (+7).
   It protects you from cold.
 J - the ring "Qefol" {Fire rElec rN++ Dex-5 Slay+2}
   (You found it on level 5 of the Depths)

   [ring of fire]

   It enhances your fire magic.
   It affects your dexterity (-5).
   It affects your accuracy and damage with ranged weapons and melee attacks
   (+2).
   It protects you from fire.
   It makes you vulnerable to cold.
   It insulates you from electricity.
   It greatly protects you from negative energy.
 Q - a +6 ring of evasion (left hand)
   (You bought it in a shop on level 4 of the Snake Pit)
Wands
 d - a wand of iceblast (23)
   (You found it on level 8 of the Dungeon)
 t - a wand of flame (107)
   (You found it on level 5 of the Lair of Beasts)
 u - a wand of paralysis (8)
   (You found it on level 1 of the Shoals)
 v - a wand of digging (7)
   (You found it on level 1 of the Shoals)
 x - a wand of acid (13)
   (You found it on level 2 of the Shoals)
Scrolls
 b - 7 scrolls of fog
 f - 7 scrolls of fear
 h - 20 scrolls of remove curse {@r2}
 k - 9 scrolls of blinking
 p - a scroll of silence
 E - 17 scrolls of teleportation {@r4}
 H - 5 scrolls of identify {@r1}
 I - a scroll of summoning
 R - 4 scrolls of immolation {!r}
 Z - 3 scrolls of magic mapping
Potions
 m - 3 potions of magic
 n - 16 potions of heal wounds {@q2}
 q - 6 potions of agility
 w - 5 potions of mutation {!q}
 A - 7 potions of brilliance
 C - 5 potions of cancellation
 D - 9 potions of lignification {!q}
 G - 9 potions of haste {@q3}
 K - 4 potions of ambrosia
 L - a potion of resistance
 N - 4 potions of might
 U - 20 potions of curing {@q1}
 X - a potion of berserk rage
Miscellaneous
 o - a phantom mirror
 z - a lamp of fire
   (You found it in an ice cave)
 V - a phial of floods
   (You found it in a Gauntlet)
Comestibles
 e - 52 rations {!d}


   Skills:
 + Level 22.4 Fighting
 - Level 16.0 Maces & Flails
 + Level 17.6 Armour
 - Level 12.1 Dodging
 + Level 15.7 Shields
 * Level 23.2 Invocations


You had 23 spell levels left.
You didn't know any spells.
Your spell library contained the following spells:

 Spells                   Type           Power        Failure   Level  Hunger
 Animate Skeleton         Necr           N/A          99%         1    ##.....
 Beastly Appendage        Tmut           #.....       99%         1    ##.....
 Corona                   Hex            #......      99%         1    ##.....
 Freeze                   Ice            #...         99%         1    ##.....
 Magic Dart               Conj           #...         99%         1    ##.....
 Pain                     Necr           #...         99%         1    ##.....
 Shock                    Conj/Air       #...         99%         1    ##.....
 Sting                    Conj/Pois      #...         99%         1    ##.....
 Blink                    Tloc           N/A          100%        2    ###....
 Call Imp                 Summ           #.......     100%        2    ###....
 Ensorcelled Hibernation  Hex/Ice        #.....       100%        2    ###....
 Passwall                 Tmut/Erth      #.......     100%        2    ###....
 Poisonous Vapours        Pois/Air       #.....       100%        2    ###....
 Searing Ray              Conj           #.....       100%        2    ###....
 Slow                     Hex            #.......     100%        2    ###....
 Sticks to Snakes         Tmut           #.......     100%        2    ###....
 Swiftness                Chrm/Air       #.......     100%        2    ###....
 Throw Frost              Conj/Ice       #.....       100%        2    ###....
 Confuse                  Hex            #.......     100%        3    ####...
 Conjure Flame            Conj/Fire      #.......     100%        3    ####...
 Dazzling Spray           Conj/Hex       #.....       100%        3    ####...
 Ignite Poison            Fire/Tmut/Pois #.......     100%        3    ####...
 Mephitic Cloud           Conj/Pois/Air  #.......     100%        3    ####...
 Ozocubu's Armour         Chrm/Ice       #.......     100%        3    ####...
 Regeneration             Chrm/Necr      #.........   100%        3    ####...
 Spider Form              Tmut/Pois      #.........   100%        3    ####...
 Static Discharge         Conj/Air       #.......     100%        3    ####...
 Stone Arrow              Conj/Erth      #.....       100%        3    ####...
 Tukima's Dance           Hex            #.......     100%        3    ####...
 Vampiric Draining        Necr           #.........   100%        3    ####...
 Airstrike                Air            #.........   100%        4    #####..
 Animate Dead             Necr           N/A          100%        4    #####..
 Force Lance              Conj/Tloc      #.......     100%        4    #####..
 Fulminant Prism          Conj/Hex       #.........   100%        4    #####..
 Ice Form                 Ice/Tmut       #.......     100%        4    #####..
 Iskenderun's Mystic Bla  Conj           #.......     100%        4    #####..
 Olgreb's Toxic Radiance  Pois           #.......     100%        4    #####..
 Petrify                  Tmut/Erth      #.......     100%        4    #####..
 Summon Ice Beast         Ice/Summ       #.......     100%        4    #####..
 Throw Icicle             Conj/Ice       #.......     100%        4    #####..
 Alistair's Intoxication  Tmut/Pois      #.......     100%        5    ######.
 Blade Hands              Tmut           #.........   100%        5    ######.
 Bolt of Magma            Conj/Fire/Erth #.........   100%        5    ######.
 Dispel Undead            Necr           #.......     100%        5    ######.
 Fireball                 Conj/Fire      #.........   100%        5    ######.
 Irradiate                Conj/Tmut      #.........   100%        5    ######.
 Iskenderun's Battlesphe  Conj/Chrm      #.......     100%        5    ######.
 Lightning Bolt           Conj/Air       #.........   100%        5    ######.
 Venom Bolt               Conj/Pois      #.........   100%        5    ######.
 Yara's Violent Unravell  Hex/Tmut       #.........   100%        5    ######.
 Bolt of Fire             Conj/Fire      #.........   100%        6    #######
 Freezing Cloud           Conj/Ice/Air   #.........   100%        6    #######
 Iron Shot                Conj/Erth      #.........   100%        6    #######
 Dragon Form              Tmut           #.........   100%        7    #######
 Orb of Destruction       Conj           #.........   100%        7    #######
 Ring of Flames           Chrm/Fire      #.........   100%        7    #######
 Spellforged Servitor     Conj/Summ      #.........   100%        7    #######
 Ignition                 Fire           #.........   100%        8    #######
 Sublimation of Blood     Necr           Unusable     N/A         2    N/A

Dungeon Overview and Level Annotations

Branches:
Dungeon (15/15)            Temple (1/1) D:6            Lair (6/6) D:10
 Shoals (4/4) Lair:3        Snake (4/4) Lair:3        Slime (0/5) Lair:5
    Orc (0/2) D:9          Vaults (4/5) D:13          Crypt (0/3) Vaults:3
 Depths (5/5) D:15           Hell (1/1)                 Dis (0/7) Hell
    Geh (0/7) Hell            Coc (0/7) Hell            Tar (1/7) Hell
    Zot (0/5) Depths:5

Altars:
Ashenzari
Cheibriados
Dithmenos
Elyvilon
Fedhas
Gozag
Hepliaklqana
Kikubaaqudgha
Makhleb
Nemelex Xobeh
Okawaru
Qazlal
Ru
Sif Muna
Trog
Uskayaw
Vehumet
Wu Jian
Xom
Yredelemnul
Zin
The Shining One
Lugonu

Shops:
Snake:4 ==}   Depths:1 }[

Portals:
Hell: Lair:6 Depths:1 Depths:2 Depths:3 Depths:4 Depths:5
Abyss: Depths:4
Pandemonium: Depths:3 Depths:5
Ziggurat: Depths:3

Annotations:
Shoals:3 1 transporter
Snake:2 exclusion: Roxanne, Roxanne
Depths:3 3 runed translucent doors, exclusion: obsidian statue, Imio's ghost, adept DgCj


Innate Abilities, Weirdness & Mutations

You are resistant to torment.
Your stone body is resilient. (AC +18)
You are immune to poison.
Your large and strong wings let you fly indefinitely.
You resist negative energy. (rN+)
You are resistant to electric shocks. (rElec)
You can survive without breathing.
You are immune to petrification.
You are immune to rotting.
You have sharp fingernails.
You are clumsy. (Dex -2)


Message History

The revenant completely resists.
The ghostly fireball engulfs the revenant.
The revenant completely resists.
The ghostly fireball engulfs the reaper.
The reaper completely resists.
The ghostly fireball engulfs the black mamba skeleton.
The black mamba skeleton completely resists.
The ghostly fireball engulfs the shadow.
The shadow completely resists.
The ghostly fireball engulfs the lich.
The lich completely resists.
The ghostly fireball engulfs you but does no damage.
You resist.
The Brimstone Fiend calls on the powers of darkness!
Your body is wracked with pain!
* * * LOW HITPOINT WARNING * * *
The lich mumbles some strange words.
The lich flickers and vanishes for a moment.
The lich casts a spell at you. The lance of force hits you!!
* * * LOW HITPOINT WARNING * * *
You are knocked back by the lance of force.
You slam into the stone wall!
* * * LOW HITPOINT WARNING * * *
The golden flame engulfs you but does no damage.
You resist.
The golden flame engulfs the Brimstone Fiend!!!!
The Brimstone Fiend writhes in agony!
You feel somewhat more hungry.
You hear a croak.
You hear a roar!
The Tzitzimitl calls on the powers of darkness!
You feel a surge of unholy energy.
The revenant conjures spectral mists around you.
The spectral mist engulfs the revenant but does no damage.
The Ice Fiend is engulfed in spectral mist.
A lich opens the door. "We do not forgive those who trespass against us!"
Death has come for you...
You feel much better.
The revenant conjures spectral mists around you.
The spectral mist engulfs the revenant but does no damage.
A revenant opens the door.
The Brimstone Fiend calls on the powers of darkness!
Your body is wracked with pain!
* * * LOW HITPOINT WARNING * * *
Unknown command.
Blink to where?
You are very lightly contaminated with residual magic.
As you read the scroll of blinking, it crumbles to dust.
The Brimstone Fiend gestures at you.
The sphere of damnation explodes!
The damnation engulfs you!!
You die... +.>1z☼L'..2...## +.>Ln§2'1§##...## +..1hWL'..##....######## +++'32+'..........#..... +++ +'................ '''................

#.......)......#
#.....#))...###
#.....##.).@.###########
.......###.......#....#.##
......###................#
...... ##.......#.#....##
#.#.# #.......#####....#
#.......# ##...#
#.#.#.#..# ##..#
########... #...# #..#
##.##


You could see a Brimstone Fiend.

Vanquished Creatures
  An ancient lich (Depths:4)
  3 juggernauts
  A caustic shrike (Depths:4)
  Geryon (Hell)
  A golden dragon (Depths:4)
  2 Tzitzimimeh (Tar:1)
  A lich (Vaults:3)
  An Ice Fiend (IceCv)
  A titan (Depths:4)
  2 sphinxes
  The ghost of Aruth the Severer, an adept MiBe of Trog (Snake:1)
  Frances (Snake:1)
  4 tengu reavers
  2 shadow dragons
  A draconian monk (Depths:5)
  2 storm dragons
  An azure jelly (Shoals:2)
  6 fire giants
  A deep elf sorcerer (Depths:4)
  5 frost giants
  8 vault wardens
  12 nagarajas
  Louise (Snake:3)
  4 draconian stormcallers (Depths:5)
  16 stone giants
  2 reapers (Hell)
  15 ironheart preservers
  2 spriggan defenders
  4 war gargoyles
  6 vampire knights
  27 very ugly things
  An entropy weaver (Vaults:3)
  2 deep elf demonologists (Vaults:2)
  A purple draconian (Depths:5)
  Azrael (D:15)
  A minotaur (Gauntlet)
  4 spark wasps (Depths:5)
  The ghost of Deed the Peltast, a journeyman MiFi of Wu Jian (Lair:3)
  A yellow draconian (Depths:5)
  2 blizzard demons
  9 ettins
  13 fire dragons
  9 merfolk impalers
  15 yaktaur captains
  6 merfolk javelineers
  Josephine (D:14)
  6 rakshasas
  Erolcha (D:10)
  Harold (D:6)
  7 great orbs of eyes
  15 naga warriors
  Fannar (Lair:2)
  7 ice dragons
  2 vault guards
  10 hydras
  3 spriggan air magi
  2 alligator snapping turtles (Shoals:4)
  31 anacondas
  2 death knights (Vaults:4)
  2 catoblepae
  7 centaur warriors
  2 hell beasts
  3 merfolk avatars
  2 satyrs
  5 merfolk aquamancers
  13 ogre magi
  39 two-headed ogres
  9 deep troll earth magi
  8 deep troll shamans
  5 hell hogs (Hell)
  2 vampire magi (Depths:2)
  17 naga sharpshooters
  A queen ant (Lair:3)
  6 tengu warriors
  Urug (D:10)
  8 shock serpents
  8 spriggan berserkers
  9 sun demons
  3 deep elf knights (Vaults:2)
  8 soul eaters
  7 hell knights
  17 skeletal warriors
  A sixfirhy (Depths:3)
  An iron golem (Hell)
  A quicksilver dragon simulacrum (Hell)
  An infernal demonspawn (Depths:3)
  2 iron trolls
  33 deep trolls
  6 sea snakes
  A death drake (Tar:1)
  A salamander mystic (Snake:4)
  5 unseen horrors
  2 shadow wraiths (Vaults:2)
  3 flayed ghosts
  A sea snake (shapeshifter) (Depths:4)
  5 deep elf archers
  2 glowing orange brains
  An obsidian statue (Depths:4)
  11 naga ritualists
  2 phantasmal warriors
  14 ironbrand convokers
  7 wizards
  An orange crystal statue (Depths:4)
  A wolf spider zombie (D:15)
  3 necromancers
  10 orc knights
  An anaconda skeleton (Hell)
  A harpy (shapeshifter) (Gauntlet)
  11 deep elf magi
  7 wolf spiders
  13 mana vipers
  48 ugly things
  13 harpies
  A frost giant zombie (Hell)
  16 fauns
  7 cyclopes
  A fire giant skeleton (Tar:1)
  A stone giant zombie (Hell)
  A shining eye (shapeshifter) (Vaults:1)
  Joseph (D:7)
  9 manticores
  Maurice (D:8)
  A salamander (shapeshifter) (Depths:4)
  5 rust devils (Hell)
  6 merfolk sirens
  12 salamanders
  An ice statue (Hell)
  A guardian serpent (shapeshifter) (Gauntlet)
  10 vault sentinels
  A torpor snail (Gauntlet)
  4 water nymphs
  2 black mambas (shapeshifter)
  9 spiny frogs
  25 black mambas
  22 naga magi
  11 guardian serpents
  4 orange demons
  6 smoke demons
  A molten gargoyle (Hell)
  3 gargoyles
  A spiny frog (shapeshifter) (Depths:4)
  A kobold demonologist (D:11)
  10 komodo dragons
  4 rime drakes (Lair:6)
  2 hellions (Hell)
  4 anaconda simulacra (IceCv)
  A yaktaur (shapeshifter) (Vaults:4)
  A tormentor (Tar:1)
  16 freezing wraiths
  10 ice devils
  84 yaktaurs
  26 merfolk
  An ancient zyme (Abyss:1)
  A golden dragon simulacrum (IceCv)
  5 red devils
  A meliai (shapeshifter) (Gauntlet)
  2 tengu conjurers
  5 trolls
  3 meliai (D:13)
  A wind drake (shapeshifter) (Vaults:3)
  Grinder (D:4)
  7 wind drakes
  A polar bear (Lair:6)
  A troll (shapeshifter) (Vaults:1)
  A wolf spider simulacrum (Hell)
  A hydra zombie (Hell)
  A hornet (shapeshifter) (Vaults:1)
  5 hornets
  12 blink frogs
  2 hydra skeletons (Hell)
  8 dream sheep
  24 slime creatures
  A blink frog (shapeshifter) (Vaults:2)
  3 snapping turtles
  A hippogriff (shapeshifter) (Vaults:1)
  6 hippogriffs
  22 water elementals
  The ghost of myrsnipe the Gusty, an amateur TeAE (D:3)
  3 large abominations (Abyss:1)
  3 dire elephant simulacra (IceCv)
  A redback (Vaults:3)
  A wyvern (shapeshifter) (Vaults:1)
  A hog (shapeshifter) (D:15)
  4 vampires
  A wyvern (D:12)
  7 wraiths
  2 alligator skeletons (Hell)
  A spriggan (D:7)
  9 fire elementals
  A human (shapeshifter) (Depths:4)
  29 yaks
  5 basilisks
  A chaos spawn (Depths:3)
  2 steam dragons (D:11)
  Grum (D:10)
  2 hungry ghosts
  A neqoxec (Depths:3)
  3 vampire mosquitoes (D:15)
  A death yak simulacrum (IceCv)
  A yaktaur simulacrum (Vaults:1)
  40 nagas
  2 wargs
  7 water moccasins
  2 acid dragons
  3 iron troll simulacra (IceCv)
  10 hydra simulacra
  12 hell hounds
  2 soldier ants (Lair:3)
  A soldier ant (shapeshifter) (Vaults:2)
  7 porcupines
  A meliai simulacrum (D:15)
  3 black bears
  5 ice beasts
  3 phantoms
  2 sky beasts
  3 ettin simulacra (IceCv)
  An alligator simulacrum (IceCv)
  An eye of draining (shapeshifter) (Vaults:4)
  A spiny frog skeleton (Hell)
  20 orc warriors
  3 necrophages
  An eye of draining (D:13)
  24 centaurs
  5 boggarts
  37 ogres
  9 wolves
  7 crocodiles
  5 big kobolds
  13 bullfrogs
  A monstrous demonspawn simulacrum (Hell)
  A wyvern zombie (D:10)
  3 scorpions
  2 elephant simulacra (IceCv)
  12 wights
  6 killer bees
  6 electric eels
  4 howler monkeys
  14 crimson imps
  2 bullfrog zombies
  2 draconian simulacra (IceCv)
  2 centaur zombies
  7 jellies
  2 quasits
  4 hounds
  13 orc priests
  5 centaur skeletons
  A bullfrog skeleton (D:12)
  4 iron imps
  4 iguanas
  16 orc wizards
  A killer bee zombie (D:10)
  21 worker ants
  A spriggan simulacrum (IceCv)
  A troll simulacrum (IceCv)
  2 centaur simulacra
  2 hound zombies
  9 mummies
  A howler monkey skeleton (D:7)
  4 gnolls (D:8)
  3 naga simulacra (IceCv)
  An ogre simulacrum (IceCv)
  14 adders
  6 shadow imps
  9 white imps
  5 ufetubi (IceCv)
  3 oozes
  An adder skeleton (D:5)
  3 worms
  A dart slug (D:1)
  3 leopard geckos
  68 orcs
  A ball python (Sewer)
  12 bats
  8 giant cockroaches
  A gnoll zombie (Ossuary)
  7 goblins
  9 hobgoblins
  14 jackals
  6 quokkas
  8 frilled lizards
  2 hobgoblin zombies
  A jackal zombie (D:5)
  23 kobolds
  3 kobold zombies
  4 orc zombies (Ossuary)
  A quokka skeleton (D:5)
  10 rats
  A bush (Depths:4)
  A butterfly (Lair:6)
1812 creatures vanquished.

Vanquished Creatures (collateral kills)
  Sojobo (Depths:4)
  Frederick (Vaults:2)
  Nikola (Vaults:2)
  A golden dragon (Depths:5)
  A frost giant (Depths:4)
  A reaper (Hell)
  A yellow draconian (Depths:5)
  A white draconian (Depths:5)
  A vault guard (Vaults:2)
  A spriggan air mage (Depths:4)
  A two-headed ogre (D:12)
  An ogre mage (Depths:4)
  3 hell hogs (Hell)
  A naga sharpshooter (Snake:4)
  An iron troll (Depths:4)
  2 deep trolls (Depths:4)
  An ugly thing (Vaults:2)
  3 mana vipers (Snake:4)
  2 guardian serpents (Snake:4)
  2 naga magi (Snake:4)
  A stone giant skeleton (Hell)
  A basilisk (shapeshifter) (Depths:4)
  A naga (Snake:4)
  A hell hound (Hell)
31 creatures vanquished.

Vanquished Creatures (others)
  2 hell hogs (Hell)
  A yaktaur (Depths:5)
  A water elemental (Depths:3)
  An eye of draining (D:11)
  A centaur (Vaults:2)
  An orc priest (D:15)
  2 adders (D:3)
  A shadow imp (D:7)
  An ufetubus (IceCv)
  5 orcs
  A leopard gecko zombie (D:7)
  2 fungi
  A lurking horror (Abyss:1)
  6 plants
26 creatures vanquished.

Grand Total: 1869 creatures vanquished

Notes
Turn   | Place    | Note
-------+----------+-------------------------------------------
     0 | D:1      | LostNumber the Gargoyle Fighter began the quest for the
                  | Orb.
     0 | D:1      | Reached XP level 1. HP: 14/14 MP: 1/1
     2 | D:1      | Noticed a minotaur
     4 | D:1      | Noticed a vine stalker
     4 | D:1      | Noticed an elf
     6 | D:1      | Noticed a demigod
     6 | D:1      | Noticed a halfling
     8 | D:1      | Noticed a centaur
     8 | D:1      | Noticed a vampire
    10 | D:1      | Noticed an octopode
    12 | D:1      | Noticed a formicid
    12 | D:1      | Noticed a human
    14 | D:1      | Noticed an ogre
    14 | D:1      | Noticed a troll
    16 | D:1      | Noticed a demonspawn
    18 | D:1      | Noticed a felid
    18 | D:1      | Noticed a ghoul
    20 | D:1      | Noticed a merfolk
    20 | D:1      | Noticed a draconian
    22 | D:1      | Noticed a naga
    24 | D:1      | Noticed a tengu
    24 | D:1      | Noticed a spriggan
    26 | D:1      | Noticed a dwarf
    26 | D:1      | Noticed a gargoyle
   154 | D:1      | Reached XP level 2. HP: 19/19 MP: 2/2
   411 | D:1      | Reached XP level 3. HP: 23/23 MP: 3/3
   660 | D:2      | Found a hazy altar of Hepliaklqana.
   817 | D:2      | Reached XP level 4. HP: 29/29 MP: 4/4
   959 | D:2      | Found an ornate altar of the Wu Jian Council.
  1236 | D:3      | Found a glowing drain.
  1245 | Sewer    | Entered a sewer
  1269 | Sewer    | Noticed a big kobold
  1280 | Sewer    | Killed a big kobold
  1280 | Sewer    | Reached XP level 5. HP: 26/34 MP: 5/5
  1509 | Sewer    | Noticed a big kobold
  1509 | Sewer    | Noticed a big kobold
  1523 | Sewer    | Killed a big kobold
  1523 | Sewer    | Reached XP level 6. HP: 38/39 MP: 6/6
  1575 | D:3      | Reached skill level 5 in Maces & Flails
  1849 | D:3      | Reached skill level 5 in Fighting
  1939 | D:2      | Reached skill level 5 in Shields
  1939 | D:2      | Reached XP level 7. HP: 41/44 MP: 7/7
  2010 | D:3      | Found a runed translucent door.
  2010 | D:3      | Noticed myrsnipe's ghost (amateur TeAE)
  2422 | D:4      | Noticed Grinder
  2444 | D:4      | Killed Grinder
  2622 | D:4      | Reached XP level 8. HP: 51/51 MP: 8/8
  2658 | D:4      | Found a bloodstained altar of Trog.
  2994 | D:5      | Entered Level 5 of the Dungeon
  3011 | D:5      | Found a sand-covered staircase.
  3021 | Ossuary  | Entered an ossuary
  3859 | D:6      | Found an iron altar of Okawaru.
  3931 | D:6      | Found a staircase to the Ecumenical Temple.
  3961 | D:6      | Reached XP level 9. HP: 47/56 MP: 9/9
  3973 | Temple   | Entered the Ecumenical Temple
  4222 | Temple   | Became a worshipper of the Shining One
  4547 | D:6      | Found a stormy altar of Qazlal.
  4550 | D:6      | Found an ancient bone altar of Kikubaaqudgha.
  4552 | D:6      | Found a glowing silver altar of Zin.
  4635 | D:6      | Noticed a two-headed ogre
  4649 | D:6      | Killed a two-headed ogre
  5756 | D:5      | Reached * piety under the Shining One
  6031 | D:7      | Noticed Joseph
  6088 | D:7      | Reached XP level 10. HP: 61/64 MP: 10/10
  6109 | D:7      | Killed Joseph
  6109 | D:7      | Reached skill level 10 in Maces & Flails
  6123 | D:7      | Noticed Harold
  6158 | D:6      | Killed Harold
  6755 | D:7      | Reached skill level 1 in Invocations
  7814 | D:8      | Got an ichor-stained battleaxe
  7818 | D:8      | Noticed Maurice
  7858 | D:8      | Identified the +4 battleaxe of Grace {freeze, Dex+9} (You
                  | found it on level 8 of the Dungeon)
  7868 | D:8      | Reached ** piety under the Shining One
  7874 | D:8      | Reached skill level 2 in Invocations
  8133 | D:8      | Killed Maurice
  8299 | D:9      | Identified the Almanac of Poisoning
  8369 | D:9      | Found a white marble altar of Elyvilon.
  8386 | D:9      | Found a staircase to the Orcish Mines.
  8398 | D:9      | Reached XP level 11. HP: 47/71 MP: 13/13
  8472 | D:9      | Noticed a two-headed ogre
  8480 | D:9      | Killed a two-headed ogre
  8480 | D:9      | Reached skill level 3 in Invocations
  8854 | D:10     | Entered Level 10 of the Dungeon
  8854 | D:10     | Found a staircase to the Lair.
  8854 | D:10     | Noticed Erolcha
  8861 | D:10     | Killed Erolcha
  8923 | D:10     | Reached skill level 4 in Invocations
  9063 | D:10     | Noticed Grum
  9066 | D:10     | Reached skill level 10 in Fighting
  9066 | D:10     | Reached skill level 10 in Shields
  9083 | D:10     | Killed Grum
  9192 | D:10     | Found a shimmering altar of Xom.
  9404 | D:10     | Noticed Urug
  9416 | D:10     | Killed Urug
  9567 | Lair:1   | Entered Level 1 of the Lair of Beasts
  9607 | Lair:1   | Reached skill level 5 in Invocations
 10077 | Lair:1   | Reached XP level 12. HP: 78/78 MP: 16/16
 10566 | Lair:2   | Noticed Fannar
 10594 | Lair:2   | Killed Fannar
 10692 | Lair:2   | Reached skill level 6 in Invocations
 11060 | Lair:3   | Reached *** piety under the Shining One
 11060 | Lair:3   | Noticed an eight-headed hydra
 11078 | Lair:2   | Killed an eight-headed hydra
 11173 | Lair:3   | Found a staircase to the Shoals.
 11339 | Lair:3   | Found a runed translucent gate.
 11339 | Lair:3   | Found a runed translucent gate.
 11342 | Lair:3   | Found a runed translucent gate.
 11344 | Lair:3   | Noticed Deed's ghost (journeyman MiFi)
 11345 | Lair:3   | Noticed a 12-headed hydra
 11345 | Lair:3   | Noticed a nine-headed hydra
 11356 | Lair:3   | Noticed a queen ant
 11385 | Lair:3   | Killed a queen ant
 11551 | Lair:3   | Reached skill level 7 in Invocations
 11564 | Lair:3   | Found a staircase to the Snake Pit.
 12090 | Lair:4   | Found a sparkling altar of Nemelex Xobeh.
 12677 | Lair:4   | Reached XP level 13. HP: 84/84 MP: 18/18
 12979 | Lair:5   | Found a staircase to the Slime Pits.
 13229 | Lair:5   | Reached skill level 8 in Invocations
 13815 | Lair:6   | Entered Level 6 of the Lair of Beasts
 13904 | Lair:6   | Reached skill level 5 in Armour
 14082 | Lair:6   | Reached **** piety under the Shining One
 14290 | Lair:6   | Reached skill level 9 in Invocations
 14842 | Lair:6   | Found a burning altar of Makhleb.
 14867 | Lair:6   | Found a gateway to Hell.
 14875 | Lair:6   | Got a dazzling plate armour
 14888 | Lair:6   | Identified the cursed +0 plate armour of the Catfish {-Cast
                  | rElec rC- Str+7} (You found it on level 6 of the Lair of
                  | Beasts)
 15120 | D:10     | Gained mutation: Your large and strong wings let you fly
                  | indefinitely. [Gargoyle growth]
 15120 | D:10     | Reached XP level 14. HP: 92/92 MP: 21/21
 15481 | D:11     | Reached skill level 10 in Invocations
 15501 | D:11     | Got a pair of shimmering boots
 15512 | D:11     | Identified the cursed +0 pair of boots of the Storm King
                  | {rF- rC+ Int+2} (You found it on level 11 of the Dungeon)
 15665 | D:11     | Reached ***** piety under the Shining One
 15898 | D:12     | Found a bloodstained altar of Trog.
 15937 | D:12     | You are sucked into a shaft for 2 floors!
 16141 | D:14     | Found a gate leading to a gauntlet.
 16148 | Gauntlet | Entered a Gauntlet
 16148 | Gauntlet | Found a transporter.
 16148 | Gauntlet | Found a transporter.
 16182 | Gauntlet | Found a transporter.
 16182 | Gauntlet | Found a transporter.
 16191 | Gauntlet | Found a transporter.
 16213 | Gauntlet | Found a transporter.
 16255 | Gauntlet | Got a heavily runed cloak
 16256 | Gauntlet | Identified the +0 cloak of Leuguidaa {rF+ rN+} (You found
                  | it in a Gauntlet)
 16280 | Gauntlet | Found a transporter.
 16311 | Gauntlet | Found a transporter.
 16415 | Gauntlet | Found a transporter.
 16416 | Gauntlet | Found a transporter.
 16424 | Gauntlet | Found a transporter.
 16449 | Gauntlet | Found a transporter.
 16457 | Gauntlet | Got a translucent brass ring
 16495 | Gauntlet | Identified the Compendium of Mutagenic Attacks
 16890 | D:14     | Noticed Josephine
 16900 | D:14     | Killed Josephine
 17153 | D:14     | Reached skill level 11 in Invocations
 17523 | D:13     | Reached XP level 15. HP: 100/100 MP: 23/23
 17882 | D:13     | Found a gate to the Vaults.
 18089 | D:12     | Identified the ring of Lady Luck {rCorr Str+3 Int+2 Stlth+}
                  | (You found it in a Gauntlet)
 18091 | D:12     | Identified a scroll of acquirement
 18242 | D:12     | Reached ****** piety under the Shining One
 18834 | Snake:1  | Entered Level 1 of the Snake Pit
 19169 | Snake:1  | Found a runed translucent gate.
 19169 | Snake:1  | Found a runed translucent gate.
 19169 | Snake:1  | Found a runed translucent gate.
 19169 | Snake:1  | Noticed Aruth's ghost (adept MiBe)
 19197 | Snake:1  | Cast into level 1 of the Abyss (naga)
 19400 | Snake:1  | Escaped the Abyss
 19472 | Snake:1  | Noticed Frances
 19491 | Snake:1  | Killed Frances
 19858 | Snake:2  | Reached skill level 10 in Armour
 19949 | Snake:2  | Identified Roxanne's Incunabulum of Transmigration
 19949 | Snake:2  | Noticed Roxanne
 20142 | Snake:2  | Noticed a nagaraja
 20150 | Snake:2  | Killed a nagaraja
 20224 | Snake:2  | Reached skill level 12 in Invocations
 20288 | Snake:2  | Noticed a nagaraja
 20310 | Snake:2  | Killed a nagaraja
 20423 | Snake:2  | Reached skill level 15 in Maces & Flails
 21216 | Snake:3  | Reached XP level 16. HP: 91/107 MP: 20/25
 21369 | Snake:3  | Noticed Louise
 21449 | Snake:3  | Killed Louise
 21488 | Snake:3  | Noticed a nagaraja
 21511 | Snake:3  | Killed a nagaraja
 21801 | Snake:3  | Noticed a nagaraja
 21814 | Snake:3  | Killed a nagaraja
 21885 | Snake:3  | Noticed a nagaraja
 21901 | Snake:3  | Killed a nagaraja
 21937 | Snake:3  | Noticed a nagaraja
 21971 | Snake:3  | Killed a nagaraja
 21971 | Snake:3  | Reached skill level 15 in Fighting
 22190 | Snake:3  | Reached skill level 15 in Shields
 22595 | Snake:4  | Entered Level 4 of the Snake Pit
 22763 | Snake:4  | Reached skill level 13 in Invocations
 22870 | Snake:4  | Reached XP level 17. HP: 84/113 MP: 1/26
 23086 | Snake:4  | Found a glowing silver altar of Zin.
 23489 | Snake:4  | Reached skill level 14 in Invocations
 23854 | Snake:4  | Reached skill level 15 in Invocations
 23948 | Snake:4  | Got a serpentine rune of Zot
 24014 | Snake:4  | Found Peivepi's Jewellery Shop.
 24016 | Snake:4  | Found Ipoud's Gadget Emporium.
 24017 | Snake:4  | Found Ittittet's Jewellery Shop.
 24026 | Snake:4  | Bought a +6 ring of evasion for 1248 gold pieces
 24191 | Snake:4  | Got a pitted rapier
 24428 | Shoals:1 | Entered Level 1 of the Shoals
 24637 | Shoals:1 | Reached XP level 18. HP: 97/120 MP: 29/29
 25264 | Shoals:2 | Identified the +7 rapier of Imbalance {drain, rF+ MR+ Str-4
                  | Dex+2} (You found it on level 4 of the Snake Pit)
 25407 | Shoals:2 | Reached skill level 16 in Invocations
 25737 | Shoals:2 | Got a crystal long sword
 25928 | Shoals:2 | Found a frozen archway.
 25962 | IceCv    | Entered an ice cave
 26024 | IceCv    | Got a scorched dire flail
 26026 | IceCv    | Identified the +8 dire flail "Jugeu" {freeze, Str+6 Int+5}
                  | (You found it in an ice cave)
 26411 | IceCv    | Noticed an Ice Fiend
 26466 | IceCv    | Killed an Ice Fiend
 26549 | IceCv    | Identified the Handbook of Evil and Transmutation
 26552 | IceCv    | Got a pair of bloodstained boots
 26567 | IceCv    | Identified the +0 pair of boots of Bytruit {rF- Int+7} (You
                  | found it in an ice cave)
 26995 | Shoals:3 | Got a coiled turquoise ring
 27354 | Shoals:3 | Found a transporter.
 27629 | Shoals:4 | Entered Level 4 of the Shoals
 27733 | Shoals:4 | Found a stormy altar of Qazlal.
 27850 | Shoals:4 | Reached skill level 17 in Invocations
 28125 | Shoals:4 | Got a barnacled rune of Zot
 28229 | Shoals:4 | Got a spiked leather armour
 28502 | Shoals:4 | Got a faintly humming plate armour
 28503 | Shoals:4 | Identified the +5 plate armour of Oblivion {rElec rF- MR+}
                  | (You found it on level 4 of the Shoals)
 28504 | Shoals:4 | Identified the ring "Pitewuot" {Wiz rC+ Int+7} (You found
                  | it on level 3 of the Shoals)
 28633 | Shoals:4 | Reached XP level 19. HP: 88/128 MP: 31/31
 29009 | Vaults:1 | Entered Level 1 of the Vaults
 29421 | Vaults:1 | Gained mutation: Potions are less effective at restoring
                  | your health. [a shining eye]
 29424 | Vaults:1 | Gained mutation: Your body sometimes deteriorates upon
                  | taking damage. [a shining eye]
 29426 | Vaults:1 | Gained mutation: Armour fits poorly on your strangely
                  | shaped body. [a shining eye]
 29452 | Vaults:1 | Reached skill level 18 in Invocations
 29633 | Vaults:1 | Lost mutation: Armour fits poorly on your strangely shaped
                  | body. [potion of mutation]
 29633 | Vaults:1 | Lost mutation: Potions are less effective at restoring your
                  | health. [potion of mutation]
 29633 | Vaults:1 | Lost mutation: Your body sometimes deteriorates upon taking
                  | damage. [potion of mutation]
 29633 | Vaults:1 | Gained mutation: You are clumsy. (Dex -2) [potion of
                  | mutation]
 29633 | Vaults:1 | Gained mutation: You have sharp fingernails. [potion of
                  | mutation]
 30229 | Vaults:1 | Reached skill level 1 in Dodging
 30622 | Vaults:2 | Reached skill level 15 in Armour
 31017 | Vaults:2 | Reached XP level 20. HP: 106/136 MP: 33/33
 31028 | Vaults:2 | Identified the +4 large shield of the Tarantula {rPois rF-
                  | MR- Dex+9}
 31028 | Vaults:2 | Noticed Frederick
 31037 | Vaults:2 | Killed Frederick
 31048 | Vaults:2 | Noticed Nikola
 31062 | Vaults:2 | Killed Nikola
 31729 | Vaults:2 | Reached skill level 19 in Invocations
 32595 | Vaults:3 | Found a staircase to the Crypt.
 32706 | Vaults:3 | Reached skill level 5 in Dodging
 33691 | Vaults:4 | Reached XP level 21. HP: 129/143 MP: 34/34
 35152 | D:15     | Entered Level 15 of the Dungeon
 35274 | D:15     | Noticed Azrael
 35304 | D:15     | Killed Azrael
 35734 | D:15     | Found a staircase to the Depths.
 35754 | D:15     | Reached skill level 20 in Invocations
 36105 | Depths:1 | Entered Level 1 of the Depths
 36377 | Depths:1 | Got a scorched quarterstaff
 36627 | Depths:1 | Reached XP level 22. HP: 138/152 MP: 30/36
 36891 | Depths:1 | Found Qujip's Antique Armour Boutique.
 36893 | Depths:1 | Found Fant's Gadget Shop.
 36903 | Depths:1 | Bought an encrusted plate armour for 1120 gold pieces
 36903 | Depths:1 | Bought a runed shield for 300 gold pieces
 36903 | Depths:1 | Identified the +1 plate armour of the Eleven Orbs {rPois
                  | rF+ rN+ Str+4} (You bought it in a shop on level 1 of the
                  | Depths)
 38582 | Depths:3 | Reached skill level 21 in Invocations
 38998 | Depths:3 | Reached skill level 10 in Dodging
 39176 | Depths:3 | Identified a +7 sacred scourge of holy wrath (a +5 demon
                  | whip of electrocution blessed by the Shining One)
 39176 | Depths:3 | Received a gift from the Shining One
 39189 | Depths:3 | Noticed a juggernaut
 39208 | Depths:3 | Killed a juggernaut
 39304 | Depths:3 | Found a gateway to a ziggurat.
 39463 | Depths:3 | Reached XP level 23. HP: 147/159 MP: 37/37
 39478 | Depths:3 | Found a runed translucent gate.
 39501 | Depths:3 | Noticed a caustic shrike
 39770 | Depths:3 | Found a runed translucent gate.
 39771 | Depths:3 | Found an opulent altar of Gozag.
 39771 | Depths:3 | Noticed Imio's ghost (adept DgCj)
 39772 | Depths:3 | Found a runed translucent gate.
 39850 | Depths:3 | Found a one-way gate leading to the halls of Pandemonium.
 40399 | Lair:3   | Killed Deed's ghost
 40407 | Lair:3   | Got a steaming broad axe
 40412 | Lair:3   | Identified the +7 broad axe of War {chop, *Slow rPois rC+}
                  | (You found it on level 3 of the Lair of Beasts)
 40905 | Snake:1  | Killed Aruth's ghost
 41171 | D:3      | Killed myrsnipe's ghost
 41498 | Depths:4 | Noticed Sojobo
 41516 | Depths:4 | Killed Sojobo
 41859 | Depths:4 | Found a one-way gate to the infinite horrors of the Abyss.
 41860 | Depths:4 | Found a corrupted altar of Lugonu.
 41901 | Depths:4 | Identified the +3 dagger "Kiecw" {elec, rPois Str+3 Int+4
                  | Stlth+}
 42586 | Depths:4 | Reached skill level 22 in Invocations
 42597 | Depths:4 | Noticed a caustic shrike
 42612 | Depths:4 | Killed a caustic shrike
 42623 | Depths:4 | Noticed a golden dragon
 42636 | Depths:4 | Killed a golden dragon
 42638 | Depths:4 | Noticed an ancient lich
 42652 | Depths:4 | Killed an ancient lich
 42692 | Depths:4 | Identified the +2 bardiche of Chaos {vamp, +Fly rPois}
 42998 | Depths:5 | Entered Level 5 of the Depths
 43075 | Depths:5 | Got a twitching pewter ring
 43079 | Depths:5 | Found a gate to the Realm of Zot.
 43081 | Depths:5 | Noticed a golden dragon
 43103 | Depths:5 | Killed a golden dragon
 43103 | Depths:5 | Reached XP level 24. HP: 74/168 MP: 6/38
 43228 | Depths:5 | Identified the ring "Qefol" {Fire rElec rN++ Dex-5 Slay+2}
                  | (You found it on level 5 of the Depths)
 43443 | Depths:5 | Noticed a juggernaut
 43463 | Depths:5 | Killed a juggernaut
 43602 | Depths:5 | Noticed a juggernaut
 43621 | Depths:5 | Killed a juggernaut
 43898 | Depths:5 | Found a bloodstained altar of Trog.
 44131 | Hell     | Entered the Vestibule of Hell
 44131 | Hell     | Noticed Geryon
 44158 | Hell     | Killed Geryon
 44303 | Hell     | Reached skill level 23 in Invocations
 44373 | Hell     | Found a gateway to the ashen valley of Gehenna.
 44504 | Hell     | Found a gateway to the Iron City of Dis.
 44572 | Hell     | Found a gateway to the freezing wastes of Cocytus.
 44668 | Hell     | Found a gateway to the decaying netherworld of Tartarus.
 44779 | Tar:1    | Entered Level 1 of Tartarus
 45000 | Tar:1    | Found a huge runed gate.
 45000 | Tar:1    | Found a huge runed gate.
 45000 | Tar:1    | Found a huge runed gate.
 45007 | Tar:1    | Found a huge runed gate.
 45007 | Tar:1    | Found a huge runed gate.
 45007 | Tar:1    | Found a huge runed gate.
 45014 | Tar:1    | Found a huge runed gate.
 45022 | Tar:1    | Found a huge runed gate.
 45022 | Tar:1    | Found a huge runed gate.
 45023 | Tar:1    | Found a huge runed gate.
 45024 | Tar:1    | Found a huge runed gate.
 45025 | Tar:1    | Found a huge runed gate.
 45041 | Tar:1    | HP: 5/169 [stone wall collision (40)]
 45044 | Tar:1    | Killed from afar by a Brimstone Fiend

Skill      XL: |  1  2  3  4  5  6  7  8  9 10 11 12 13 14 15 16 17 18 19 20 21 22 23 24 |
---------------+-------------------------------------------------------------------------+-----
Maces & Flails | 3 4 5 6 8 9 11 12 14 15 16 | 16.0
Fighting       | 4 5 6 8 9 10 11 12 13 14 15 16 17 18 19 20 21 22 | 22.4
Shields        | 4 5 6 8 9 10 11 12 13 14 15 | 15.7
Invocations    | 2 5 7 9 11 12 13 15 17 18 19 20 21 22 23 | 23.2
Armour         | 6 9 10 11 12 14 15 16 17 | 17.6
Dodging        | 3 6 8 10 11 12 | 12.1

Action                   |  1- 3 |  4- 6 |  7- 9 | 10-12 | 13-15 | 16-18 | 19-21 | 22-24 || total
-------------------------+-------+-------+-------+-------+-------+-------+-------+-------++-------
Melee: Flail             |   131 |   188 |   484 |   579 |   923 |       |       |       ||  2305
       Battleaxe         |       |       |       |   143 |       |       |       |       ||   143
       Eveningstar       |       |       |       |       |   414 |  1641 |  2090 |  1215 ||  5360
       Sacred scourge    |       |       |       |       |       |       |       |   786 ||   786
Invok: Divine Shield     |       |       |       |     3 |     2 |     4 |     1 |    15 ||    25
       Cleansing Flame   |       |       |       |       |     5 |    12 |    12 |    16 ||    45
       Summon Divine War |       |       |       |       |       |     3 |     2 |     4 ||     9
       Brand Weapon With |       |       |       |       |       |       |       |     1 ||     1
 Abil: Fly               |       |       |       |       |     1 |       |       |     2 ||     3
       Stop Flying       |       |       |       |       |       |       |       |     2 ||     2
Evoke: Wand              |       |       |       |       |     8 |       |       |       ||     8
       Phial of floods   |       |       |       |       |     1 |       |       |       ||     1
  Use: Scroll            |       |     3 |     7 |    12 |    23 |     5 |     5 |    23 ||    78
       Potion            |       |       |     2 |       |       |     2 |     1 |     2 ||     7
  Eat: Chunk             |       |     4 |    11 |    25 |    25 |    20 |    30 |    24 ||   139
       Ration            |       |       |     1 |     1 |     1 |     3 |       |     3 ||     9
Armor: Scale mail        |    87 |   116 |   203 |    45 |       |       |       |       ||   451
       Plate armour      |       |       |       |   312 |   685 |   964 |   410 |       ||  2371
       Crystal plate arm |       |       |       |       |       |       |   587 |   682 ||  1269
       Gold dragon scale |       |       |       |       |       |       |       |   251 ||   251
Dodge: Dodged            |    45 |   127 |   182 |   177 |   292 |   512 |   787 |   768 ||  2890
Block: Shield            |    12 |       |    64 |   296 |   743 |  1256 |  1416 |  1696 ||  5483
       Buckler           |    24 |    38 |    82 |       |       |       |       |       ||   144
       Other             |       |       |       |     4 |       |       |       |       ||     4
